 Dungeon Crawl Stone Soup version 0.29-a0-817-g9904bce7a6 (webtiles) character file.

Game seed: 1450008731054403214

1333 elite277 the Conjurer (level 8, 0/57 HPs)
             Began as a Human Conjurer on July 5, 2022.
             Was a Follower of Sif Muna.
             Killed from afar by a steam dragon (18 damage)
             ... with a ball of steam
             ... on level 6 of the Dungeon.
             The game lasted 00:30:58 (7293 turns).

elite277 the Conjurer (Human Conjurer)              Turns: 7293, Time: 00:30:58

Health: 0/57       AC:  2    Str:  9    XL:     8   Next: 92%
Magic:  1/15       EV: 17    Int: 20    God:    Sif Muna [*.....]
Gold:   196        SH:  0    Dex: 13    Spells: 7/17 levels left

rFire   . . .      SeeInvis .   j - +8 whip "Derimarph" {drain, rC- rN+ rCorr Dex+2}
rCold   x . .      Faith    .   (no shield)
rNeg    + . .      Spirit   .   a - +0 robe
rPois   .          Reflect  .   (no helmet)
rElec   .          Harm     .   (no cloak)
rCorr   +          Rampage  .   (no gloves)
Will    +....                   (no boots)
Stlth   ++........              (no amulet)
HPRegen 0.19/turn               d - ring of willpower
MPRegen 0.14/turn               D - +4 ring of evasion

@: no status effects
A: no striking features
a: Renounce Religion, Channel Magic


You were on level 6 of the Dungeon.
You worshipped Sif Muna.
Sif Muna was aware of your devotion.
You visited 1 branch of the dungeon, and saw 6 of its levels.

You collected 196 gold pieces.

Inventory:

Hand Weapons
 c - a +0 short sword
 i - a +0 quarterstaff
 j - the +8 whip "Derimarph" (weapon) {drain, rC- rN+ rCorr Dex+2}
   (You found it on level 2 of the Dungeon)

   A truly terrible weapon, it drains the life of any living foe it strikes.
   Dex:       It affects your dexterity (+2).
   rC:        It makes you vulnerable to cold.
   rN:        It protects you from negative energy.
   rCorr:     It protects you from acid and corrosion.
 q - a +0 dagger of venom
 A - a +0 dagger of electrocution
 G - the +6 quarterstaff "Qetamuo" {flame, Fragile rN++ Str+7}
   (You found it on level 5 of the Dungeon)

   It burns those it strikes, dealing additional fire damage.
   Str:       It affects your strength (+7).
   rN:        It greatly protects you from negative energy.
   Fragile:   It will be destroyed if unequipped.
 K - a +3 mace of draining
Missiles
 o - 8 poisoned darts
Armour
 a - a +0 robe (worn)
 e - a +0 ring mail
Magical Staves
 F - a staff of cold
Jewellery
 d - a ring of willpower (left hand)
 D - a +4 ring of evasion (right hand)
Wands
 r - a wand of charming (10)
 t - a wand of polymorph (13)
 I - a wand of flame (16)
Scrolls
 m - a scroll of acquirement {unknown}
 p - a scroll of noise
 v - 2 scrolls of magic mapping
 x - 4 scrolls of amnesia
 y - 2 scrolls of immolation {unknown}
 z - a scroll of fog {unknown}
 C - a scroll of summoning {unknown}
 E - a scroll of torment {unknown}
 H - a scroll of enchant armour {unknown}
 J - 2 scrolls of identify
Potions
 b - a potion of magic
 f - 2 potions of might
 g - 2 potions of curing
 h - 4 potions of lignification
 n - a potion of ambrosia
 s - 2 potions of flight
 u - 2 potions of heal wounds {unknown}
 B - a potion of brilliance {unknown}


   Skills:
 + Level 2.3 Fighting
 + Level 0.1 Short Blades
 + Level 4.2 Maces & Flails
 + Level 0.6 Throwing
 + Level 3.6 Dodging
 - Level 2.0 Stealth
 + Level 5.2 Spellcasting
 + Level 6.3 Conjurations
 * Level 3.2 Hexes


You had 7 spell levels left.
You knew the following spells:

 Your Spells              Type           Power      Damage    Failure   Level
a - Magic Dart            Conj           100%       1d8       1%          1
b - Searing Ray           Conj           60%        2d6       1%          2
c - Dazzling Flash        Conj/Hex       48%        N/A       4%          3
d - Fulminant Prism       Conj/Hex       12%        3d9       16%         4

Your spell library contained the following spells:

 Spells                   Type           Power      Damage    Failure   Level
 Conjure Flame            Conj/Fire      17%        6-21      10%         3
 Sting                    Tmut/Pois      20%        1d4       12%         1
 Blink                    Tloc           10%        N/A       17%         2
 Poisonous Vapours        Pois/Air       10%        N/A       17%         2
 Iskenderun's Mystic Bla  Conj/Tloc      17%        2d5       30%         4
 Sticky Flame             Conj/Fire      17%        2d4       30%         4
 Ignite Poison            Fire/Tmut/Pois 5%         N/A       34%         3
 Lightning Bolt           Conj/Air       8%         1d21      65%         5
 Airstrike                Air            2%         0-2+      75%         4
 Olgreb's Toxic Radiance  Pois           5%         N/A       75%         4
 Summon Lightning Spire   Summ/Air       5%         N/A       75%         4
 Manifold Assault         Tloc           5%         N/A       97%         5
 Storm Form               Tmut/Air       2%         N/A       100%        7


Dungeon Overview and Level Annotations

Branches:
Dungeon (6/15)
 Temple: D:4-7

Altars:
Ashenzari
Cheibriados
Dithmenos
Fedhas
Hepliaklqana
Makhleb
Qazlal
Sif Muna
Trog
Xom
Yredelemnul
Zin

Shops:
D:4 =

Portals:
Sewer: D:6

Annotations:
D:5 3 runed translucent doors, qborf's ghost, novice FoCK


Message History

Press: ? - help, Dir - move target, p - steam dragon You miscast Fulminant Prism.
You are very lightly contaminated with residual magic.
Nothing appears to happen.
The steam dragon breathes steam at you. The ball of steam hits you!
Casting: Fulminant Prism (dangerous; 16% risk of failure)
Confirm with . or Enter, or press ? or * to list all spells.
You can't see any susceptible monsters within range! (Use Z to cast anyway.) Throw: 9 darts (poison)
Press: ? - help, Shift-Dir - straight line, f - steam dragon
Aim: a steam dragon (severely wounded, 57% to hit)
You throw a poisoned dart.
The poisoned dart hits the steam dragon.
The steam dragon is severely wounded.
The steam dragon breathes steam at you. The ball of steam hits you!
You are engulfed in a cloud of scalding steam.
* * * LOW HITPOINT WARNING * * *
Okay, then.
Okay, then.
Aiming: Throw Flame
Press: ? - help, Shift-Dir - straight line, f/p - steam dragon
Aim: a steam dragon (steam, severely wounded, 68% to hit)
Okay, then.
Your magical contamination has completely faded away.
Okay, then.
Casting: Fulminant Prism (dangerous; 16% risk of failure)
Confirm with . or Enter, or press ? or * to list all spells.
Aiming: Fulminant Prism (dangerous; 16% risk of failure)
Press: ? - help, Dir - move target You conjure a prism of explosive energy!
A fulminant prism comes into view.
Your fulminant prism crackles loudly.
Your fulminant prism explodes!
The blast of energy engulfs the steam dragon.
The steam dragon is severely wounded.
The steam dragon breathes steam at you. The ball of steam hits you!!
You die...

#################
#...#...........#
##...'$.......)..#
.....#...........# #
........@§§...# ###### ##.
.####..#####D######.....
#... ####......#..##........
.....#..†.####.#..##........
≈.≈#.§....# #§#D.##...##.##
≈≈D§......####....##...##.##
≈≈≈≈≈#.(.§§D§.........÷....>
≈≈≈§≈...#.##########...##.#.
≈∩≈≈≈...#.# #....##...


There were no monsters in sight!

Vanquished Creatures
  A water moccasin (D:5)
  3 black bears
  An ogre (D:5)
  A phantom (D:5)
  2 necrophages
  A howler monkey (D:5)
  2 hounds
  Terence (D:3)
  7 iguanas
  4 orc wizards (D:6)
  8 gnolls
  6 adders
  A white imp (D:5)
  2 ufetubi (D:6)
  3 worms
  A dart slug (D:4)
  11 orcs
  6 ball pythons
  5 bats
  8 endoplasms
  3 giant cockroaches (D:1)
  7 goblins
  9 hobgoblins
  9 quokkas
  3 frilled lizards
  10 kobolds
  8 rats
123 creatures vanquished.

Vanquished Creatures (others)
  8 fulminant prisms (D:6)
  A plant (D:1)
9 creatures vanquished.

Grand Total: 132 creatures vanquished

Notes
Turn   | Place    | Note
-------+----------+-------------------------------------------
     0 | D:1      | elite277 the Human Conjurer began the quest for the Orb.
     0 | D:1      | Reached XP level 1. HP: 13/13 MP: 3/3
   198 | D:1      | Reached XP level 2. HP: 14/19 MP: 0/5
   967 | D:1      | Reached XP level 3. HP: 24/24 MP: 1/6
  1250 | D:1      | Found a faded altar of an unknown god.
  1308 | D:2      | Learned a level 2 spell: Searing Ray
  1312 | D:2      | Learned a level 3 spell: Dazzling Flash
  1397 | D:2      | Identified the +8 whip "Derimarph" {drain, rC- rN+ rCorr
                  | Dex+2}
  2019 | D:2      | Reached XP level 4. HP: 30/30 MP: 2/7
  2727 | D:3      | Noticed Terence
  2856 | D:3      | Found a hazy altar of Hepliaklqana.
  2856 | D:3      | Found a shimmering blue altar of Sif Muna.
  2860 | D:3      | Found a blossoming altar of Fedhas.
  2860 | D:3      | Found a basalt altar of Yredelemnul.
  2862 | D:3      | Found a burning altar of Makhleb.
  2862 | D:3      | Found a shimmering altar of Xom.
  2863 | D:3      | Found a shadowy altar of Dithmenos.
  2875 | D:3      | Became a worshipper of Sif Muna the Loreminder
  2924 | D:3      | Found a stormy altar of Qazlal.
  3236 | D:3      | Reached skill level 1 in Maces & Flails
  3285 | D:3      | Killed Terence
  3286 | D:3      | Reached skill level 1 in Hexes
  3286 | D:3      | Reached XP level 5. HP: 25/36 MP: 2/9
  3407 | D:3      | Noticed a kobold brigand
  3409 | D:3      | Found a snail-covered altar of Cheibriados.
  3653 | D:4      | Found Rocaakke's Jewellery Shoppe.
  3678 | D:4      | Reached skill level 5 in Conjurations
  3739 | D:4      | Found a broken altar of Ashenzari.
  3992 | D:4      | Found a bloodstained altar of Trog.
  4354 | D:4      | Reached skill level 1 in Fighting
  4354 | D:4      | Reached XP level 6. HP: 43/43 MP: 6/10
  4392 | D:4      | Noticed a black bear
  4400 | D:4      | Killed a black bear
  4708 | D:5      | Entered Level 5 of the Dungeon
  4712 | D:4      | Reached * piety under Sif Muna
  4735 | D:5      | Noticed an orc warrior
  4736 | D:5      | Noticed a water moccasin
  4737 | D:5      | Identified the +6 quarterstaff "Qetamuo" {flame, Fragile
                  | rN++ Str+7}
  4737 | D:5      | Noticed qborf's ghost (novice FoCK)
  4755 | D:5      | Reached XP level 7. HP: 48/48 MP: 2/12
  5260 | D:5      | Found a runed translucent gate.
  5260 | D:5      | Found a runed translucent gate.
  5260 | D:5      | Found a runed translucent gate.
  5565 | D:5      | Reached XP level 8. HP: 56/56 MP: 4/14
  6040 | D:5      | Learned a level 4 spell: Fulminant Prism
  6259 | D:5      | Reached skill level 6 in Conjurations
  6692 | D:5      | Found a glowing silver altar of Zin.
  7074 | D:6      | Reached skill level 5 in Spellcasting
  7246 | D:6      | Found a glowing drain.
  7258 | D:6      | Reached ** piety under Sif Muna
  7293 | D:6      | Killed from afar by a steam dragon

Illustrated notes

Levels and vault maps discovered:
D:1:      dpeg_arrival_round_c, layout_loops_ring,
          ebering_ecumenical_altar_mist, serial_forest,
          infiniplex_forest_zigzag_1, infiniplex_forest_clump_C,
          infiniplex_forest_zigzag_2, infiniplex_forest_clump_tiny,
          infiniplex_forest_lined_3, infiniplex_forest_lined_corner,
          infiniplex_forest_straight_2, hangedman_decor_lopped
D:2:      layout_basic
D:3:      layout_loops_ring, grunt_temple_overflow_open, cheibriados_altar_2,
          mainiacjoe_overflow_boulevard, uniq_terence
D:4:      layout_gridville, pf_just_have_faith, ashenzari_altar_1, serial_shops,
          nicolae_shop_advertising_works [nicolae_subvault_shop_adworks],
          chequers_serial_rivers_room_a
D:5:      layout_layer_cave, zin_statuary, gammafunk_ghost_split, minmay_puff
D:6:      layout_basic, nicolae_overflow_hidden_temple,
          cheibrodos_sewer_entry_drain

Skill      XL: |  1  2  3  4  5  6  7  8 |
---------------+-------------------------+-----
Maces & Flails | 1 2 3 4 |  4.2
Hexes          | 1 2 3 |  3.2
Conjurations   | 5 6 |  6.3
Spellcasting   | 3 4 5 |  5.2
Fighting       | 1 2 |  2.3
Dodging        | 3 |  3.6
Short Blades   | |  0.1
Throwing       | |  0.6
Stealth        | |  2.0

Action                   |  1- 3 |  4- 6 |  7- 9 || total
-------------------------+-------+-------+-------++-------
Melee: Short sword       |    23 |       |       ||    23
       Whip              |    21 |    39 |    28 ||    88
       Punch             |       |       |     1 ||     1
Throw: Dart              |       |       |     5 ||     5
 Cast: Magic Dart        |    45 |    30 |    53 ||   128
       Searing Ray       |     1 |    11 |    20 ||    32
       Dazzling Flash    |       |       |     3 ||     3
       Fulminant Prism   |       |       |     8 ||     8
Invok: Channel Magic     |       |       |     1 ||     1
Evoke: Wand              |       |       |     1 ||     1
  Use: Scroll            |       |     4 |     7 ||    11
       Potion            |       |       |     2 ||     2
 Stab: Sleeping          |    11 |     4 |       ||    15
       Invisible         |       |       |     2 ||     2
       Distracted        |       |       |     1 ||     1
Armor: Robe              |     6 |     5 |     7 ||    18
Dodge: Dodged            |    21 |    24 |    43 ||    88

Table legend: (Time is in decaauts)
 A = Elapsed time spent in this place.
 B = Non-inter-level travel time spent in this place.
 C = Inter-level travel time spent in this place.
 D = Time resting spent in this place.
 E = Time spent auto-exploring this place.
 F = Levels seen in this place.
 G = Mean time per level.
                   A        B        C        D        E       F      G
               +--------+--------+--------+--------+--------+-----+--------+
         Total |   7297 |   7133 |    164 |   1757 |   3402 |   6 | 1216.2 |
       Dungeon |   7297 |   7133 |    164 |   1757 |   3402 |   6 | 1216.2 |
               +--------+--------+--------+--------+--------+-----+--------+

Top non-repeatable levels by time:
     D:5: 1791 daAuts
     D:4: 1478 daAuts
     D:1: 1304 daAuts
     D:2: 1288 daAuts
     D:3: 993 daAuts
     D:6: 441 daAuts
